 Dungeon Crawl Stone Soup version 0.23.2-30-g0e89c35649 (webtiles) character file.

Game seed: 15522988044304082861

6291 shadizar the Fighter (level 10, 0/66 HPs)
             Began as a Gargoyle Gladiator on June 22, 2019.
             Was an Elder of Okawaru.
             Slain by a salamander
             ... wielding a +0 halberd
              (9 damage)
             ... in a volcano.
             The game lasted 00:14:50 (7768 turns).

shadizar the Fighter (Gargoyle Gladiator)           Turns: 7768, Time: 00:14:51

Health: 0/66       AC: 23    Str: 20    XL:     10   Next: 94%
Magic:  13/13      EV: 12    Int: 16    God:    Okawaru [****..]
Gold:   560        SH:  4    Dex: 17    Spells: 9/9 levels left

rFire    + . .     SeeInvis .   v - +11 halberd "Kuoremid" {holy, Int+6}
rCold    . . .     Gourm    .   (shield currently unavailable)
rNeg     + . .     Faith    .   x - +1 chain mail {rF+}
rPois    ∞         Spirit   .   c - +0 helmet
rElec    +         Reflect  +   (no cloak)
rCorr    .         Harm     .   (no gloves)
MR       .....                  o - +1 pair of boots
Stlth    ..........             q - +4 amulet of reflection
HPRegen  0.21/turn              l - +3 ring of slaying
MPRegen  0.13/turn              h - +6 ring of dexterity

@: no status effects
A: negative energy resistance 1, electricity resistance, unbreathing,
petrification resistance, rot immunity, AC +7
a: Heroism, Renounce Religion


You were in a volcano.
You worshipped Okawaru.
Okawaru was greatly pleased with you.
You were not hungry.

You visited 3 branches of the dungeon, and saw 10 of its levels.
You also visited: Sewer and Volcano.

You collected 560 gold pieces.

Inventory:

Hand Weapons
 t - a +0 mace
 u - a +2 hand axe of electrocution
 v - the +11 halberd "Kuoremid" (weapon) {holy, Int+6}
   (You found it on level 5 of the Dungeon)

   It has been blessed by the Shining One to cause great damage to the undead
   and demons.
   It affects your intelligence (+6).
Missiles
 d - 3 throwing nets (quivered)
Armour
 c - a +0 helmet (worn)
 m - a cursed +0 plate armour
 o - a +1 pair of boots (worn)
 x - a +1 chain mail of fire resistance (worn)
Jewellery
 h - a +6 ring of dexterity (right hand)
 i - an uncursed amulet of faith
 l - a +3 ring of slaying (left hand)
 q - a +4 amulet of reflection (around neck)
 B - an uncursed amulet of regeneration {unknown}
Wands
 w - a wand of acid (6)
 y - a wand of flame (26)
Scrolls
 e - 3 scrolls of identify
 j - 2 scrolls of teleportation
 n - 2 scrolls of amnesia
 p - a scroll of summoning {unknown}
 r - 3 scrolls of remove curse
 D - a scroll of blinking {unknown}
 E - a scroll of enchant armour
Potions
 a - a potion of haste {unknown}
 b - 2 potions of curing
 g - a potion of brilliance
 k - a potion of cancellation
 s - a potion of heal wounds
 z - 6 potions of flight
 A - a potion of lignification {unknown}
 C - a potion of berserk rage {unknown}
Comestibles
 f - 12 rations


   Skills:
 + Level 9.1 Fighting
   Level 4.5 Short Blades
 - Level 6.5 Maces & Flails
 * Level 5.1 Polearms
 - Level 1.7 Throwing
 + Level 8.9 Armour
 + Level 7.3 Dodging
 - Level 0.1 Stealth
 + Level 4.1 Invocations


You had 9 spell levels left.
You didn't know any spells.
Your spell library contained the following spells:

 Spells                   Type           Power        Failure   Level  Hunger
 Confusing Touch          Hex            #.....       88%         1    ##.....
 Magic Dart               Conj           #...         88%         1    ##.....
 Searing Ray              Conj           #.....       96%         2    ###....
 Confuse                  Hex            #.......     99%         3    ####...
 Dazzling Spray           Conj/Hex       #.....       99%         3    ####...
 Gell's Gravitas          Tloc           #.........   99%         3    ####...
 Force Lance              Conj/Tloc      #.......     100%        4    #####..
 Fulminant Prism          Conj/Hex       #.........   100%        4    #####..
 Iskenderun's Mystic Bla  Conj           #.......     100%        4    #####..
 Petrify                  Tmut/Erth      #.......     100%        4    #####..
 Metabolic Englaciation   Hex/Ice        #.........   100%        5    ######.
 Yara's Violent Unravell  Hex/Tmut       #.........   100%        5    ######.


Dungeon Overview and Level Annotations

Branches:
Dungeon (8/15)             Temple (1/1) D:5            Lair (1/6) D:8

Altars:
Ashenzari
Cheibriados
Dithmenos
Elyvilon
Fedhas
Gozag
Hepliaklqana
Kikubaaqudgha
Makhleb
Nemelex Xobeh
Okawaru
Qazlal
Ru
Sif Muna
Trog
Uskayaw
Vehumet
Wu Jian
Xom
Yredelemnul
Zin
The Shining One


Innate Abilities, Weirdness & Mutations

You are resistant to torment.
Your stone body is resilient. (AC +7)
You are immune to poison.
You resist negative energy. (rN+)
You are resistant to electric shocks. (rElec)
You can survive without breathing.
You are immune to petrification.
You are immune to rotting.


Message History

The air gets thick with the scent of sulphur.
You start resting.
In the distance, the volcano erupts with a roar.
You are engulfed in blazing flames.
You resist.
You open the large door.
A salamander comes into view. It is wielding a +0 halberd.
You are engulfed in blazing flames.
You resist.
The salamander hits you but does no damage.
You are engulfed in blazing flames.
You resist.
The salamander hits you but does no damage.
There is a large open door here.
The salamander hits you with a +0 halberd.
You are engulfed in flames.
You resist.
* * * LOW HITPOINT WARNING * * *
You slash the salamander!
The salamander is lightly wounded.
You are engulfed in blazing flames.
You resist.
* * * LOW HITPOINT WARNING * * *
The salamander hits you with a +0 halberd!
You die...

#≈≈≈##..+.._..+
°≈≈§#...#.....#
≈§≈§#...#######
≈§≈#...+!!.$!+
°≈#...#..≈..#
#..°#8°≈≈8#
#.°'°.°°.+
#.@'.....+
≈##N#8°°.8# §
≈≈###.....###≈§
≈≈≈§○.....≈≈§§≈
§§§≈≈8°..8≈§§≈#
≈≈§°≈.°○°○§≈##
##§≈≈°.°.°§≈#
#°°≈8°.°8≈##
####.....##


You could see a salamander.

Vanquished Creatures
  A salamander mystic (Volcano)
  3 spiny frogs (Lair:1)
  Grinder (D:4)
  5 yaks
  A vampire (D:7)
  3 hungry ghosts
  A water moccasin (Lair:1)
  3 porcupines (D:7)
  3 orc warriors
  Duvessa (D:4)
  A sky beast (D:6)
  3 ogres
  A centaur (D:8)
  2 big kobolds
  3 crocodiles
  3 bullfrogs
  Dowan (D:5)
  2 scorpions (D:5)
  A howler monkey (D:5)
  3 crimson imps
  A quasit (D:8)
  2 orc priests
  5 hounds
  A jelly (D:8)
  A gnoll shaman (D:6)
  8 orc wizards
  A bullfrog skeleton (D:7)
  An iguana (D:7)
  6 worker ants
  13 adders
  7 gnolls
  2 river rats (Sewer)
  A shadow imp (D:7)
  An ooze (D:1)
  2 adder skeletons (D:7)
  3 worms
  4 dart slugs (D:1)
  4 leopard geckos
  21 orcs
  6 giant cockroaches
  6 goblins
  8 hobgoblins
  27 jackals
  A quokka (D:3)
  2 ball python skeletons (D:4)
  4 bats
  4 frilled lizards
  16 kobolds
  A quokka zombie (D:8)
  11 rats
212 creatures vanquished.

Vanquished Creatures (others)
  A kobold (Sewer)
1 creature vanquished.

Grand Total: 213 creatures vanquished

Notes
Turn   | Place    | Note
-------+----------+-------------------------------------------
     0 | D:1      | shadizar the Gargoyle Gladiator began the quest for the
                  | Orb.
     0 | D:1      | Reached XP level 1. HP: 12/12 MP: 1/1
   144 | D:1      | Reached XP level 2. HP: 16/17 MP: 2/2
   192 | D:1      | Reached skill level 1 in Armour
   282 | D:1      | Reached XP level 3. HP: 20/22 MP: 3/3
   934 | D:2      | Reached XP level 4. HP: 19/27 MP: 4/4
  1112 | D:2      | Found a glowing golden altar of the Shining One.
  1271 | D:2      | Found an ancient bone altar of Kikubaaqudgha.
  1470 | D:2      | Reached XP level 5. HP: 31/31 MP: 5/5
  2178 | D:3      | Reached XP level 6. HP: 36/36 MP: 6/6
  2206 | D:3      | Reached skill level 3 in Fighting
  2622 | D:4      | Noticed Duvessa
  2622 | D:4      | Noticed Dowan
  2653 | D:4      | Killed Duvessa
  2653 | D:4      | Reached skill level 1 in Maces & Flails
  2799 | D:5      | Entered Level 5 of the Dungeon
  2800 | D:5      | HP: 1/37 [scorpion (3)]
  2804 | D:5      | Reached skill level 7 in Fighting
  2804 | D:5      | Reached XP level 7. HP: 1/48 MP: 7/7
  2818 | D:5      | Killed Dowan
  2949 | D:4      | Reached XP level 8. HP: 41/54 MP: 8/8
  3177 | D:4      | Noticed Grinder
  3196 | D:4      | Killed Grinder
  3664 | D:5      | Found a staircase to the Ecumenical Temple.
  3681 | Temple   | Entered the Ecumenical Temple
  3745 | Temple   | Became a worshipper of Warmaster Okawaru
  4328 | D:5      | Found a sparkling altar of Nemelex Xobeh.
  4371 | D:5      | Got a brightly glowing halberd
  4640 | D:5      | Identified the +11 halberd "Kuoremid" {holy, Int+6} (You
                  | found it on level 5 of the Dungeon)
  4662 | D:6      | Reached skill level 8 in Fighting
  4834 | D:5      | Reached * piety under Okawaru
  4834 | D:5      | Reached skill level 1 in Polearms
  5004 | D:6      | Reached skill level 1 in Invocations
  5004 | D:6      | Reached XP level 9. HP: 51/59 MP: 9/9
  5122 | D:6      | Found a shattered altar of Ashenzari.
  5153 | D:6      | Found a blossoming altar of Fedhas.
  5338 | D:6      | Found a glowing drain.
  5343 | Sewer    | Entered a sewer
  5441 | Sewer    | Found a glowing silver altar of Zin.
  5915 | D:7      | Found a basalt altar of Yredelemnul.
  5978 | D:7      | Found a stormy altar of Qazlal.
  6505 | D:8      | Reached ** piety under Okawaru
  6537 | D:7      | Reached XP level 10. HP: 46/65 MP: 10/12
  6795 | D:7      | Reached *** piety under Okawaru
  7119 | D:8      | Found a staircase to the Lair.
  7596 | Lair:1   | Entered Level 1 of the Lair of Beasts
  7596 | Lair:1   | Noticed a spiny frog
  7596 | Lair:1   | Noticed a spiny frog
  7602 | Lair:1   | Killed a spiny frog
  7606 | Lair:1   | Killed a spiny frog
  7608 | Lair:1   | Reached skill level 9 in Fighting
  7650 | Lair:1   | Noticed a spiny frog
  7660 | Lair:1   | Killed a spiny frog
  7700 | Lair:1   | Found a dark tunnel.
  7707 | Volcano  | Entered a volcano
  7723 | Volcano  | Noticed a salamander mystic
  7726 | Volcano  | Found a radiant altar of Vehumet.
  7739 | Volcano  | Killed a salamander mystic
  7739 | Volcano  | Reached **** piety under Okawaru
  7739 | Volcano  | Reached skill level 5 in Polearms
  7765 | Volcano  | Noticed a salamander
  7768 | Volcano  | Slain by a salamander

Skill      XL: |  1  2  3  4  5  6  7  8  9 10 |
---------------+-------------------------------+-----
Short Blades   | 3 4 |  4.5
Armour         | 1 2 7 8 |  8.9
Dodging        | 3 6 7 |  7.3
Fighting       | 7 8 9 |  9.1
Maces & Flails | 6 |  6.5
Polearms       | 1 3 5 |  5.1
Invocations    | 1 2 4 |  4.1
Throwing       | |  1.7
Stealth        | |  0.1

Action                   |  1- 3 |  4- 6 |  7- 9 | 10-12 || total
-------------------------+-------+-------+-------+-------++-------
Melee: Rapier            |   139 |   127 |       |       ||   266
       Mace              |       |    53 |   160 |       ||   213
       Halberd           |       |       |   173 |   108 ||   281
  Use: Potion            |       |     5 |     2 |       ||     7
       Scroll            |       |       |     9 |       ||     9
  Eat: Chunk             |       |     3 |    14 |     5 ||    22
       Ration            |       |     1 |       |     1 ||     2
Armor: Leather armour    |    52 |    28 |       |       ||    80
       Chain mail        |       |   106 |   235 |    80 ||   421
Dodge: Dodged            |    96 |   106 |   192 |    89 ||   483
Block: Other             |       |    23 |    79 |    18 ||   120
       Reflection        |       |       |     1 |     3 ||     4
